Unix NetHack Version 5.0.0-0 post-release - last build Jul 19 2026 19:10:59 (3aa4ab31751d3886436d94b585a96704892fd477,branch:main).

Game began 2026-07-25 16:31:02, ended 2026-07-25 16:42:51.

LDaviesPeters, neutral female human Archeologist

                                      ---------
                                   ##f@.....`.|                      -------
    ---------                      #  |*......|            `#########......|
    |.......|                      #  |(..>...|      ----------      |.....|
    |........#                     #  |.......|      |........|   ###-.....|
    |..{....|#                     #  |.......|      |........|   #  |.....|
    --.------##    -------------- ##  ----)----   ###.........|   #  -------
      #       ###  |<...........|##      ##      ### |......._|   #
      ###       ###-........{...|#       #   #####   -----.----  ##
        # #        |............-#       # ###    ##      ###   ##
        ###        --------------    #######   ####         #   #
  --------.-   ############################## ############  ##  #
  |........|   #######`##############  --|---- #        -.---.--#
  |........-####                       |.....|##        |......|#
  |........|                           |......#         |.......#
  |........|                           |...(.|          |......|
  |........|                           -------          --------
  ----------

LDaviesPeters the Field Worker  St:13 Dx:9 Co:15 In:14 Wi:13 Ch:11  Neutral
Dlvl:4  $:17 HP:0(35) Pw:18(18) AC:9  Xp:4 T:1150 

Latest messages:
 The gnome hits!
 You lash the gnome.
 You kill the gnome!
 The gnome picks up a slime mold.
 You miss the gnome.
 The gnome hits!
 You kill the gnome!
 Welcome to experience level 4.
 There are several objects here.
 E - a slime mold.
 There is a gnome corpse here; eat it? [ynq] (n) y
 This gnome corpse tastes terrible!
 You stop eating the gnome corpse.
 You lash the hill orc.
 The hill orc swings his curved sword.
 The hill orc hits!
 You lash the hill orc.
 The hill orc swings his curved sword.
 The hill orc hits!
 You kill the hill orc!
 There is a partly eaten gnome corpse here; eat it? [ynq] (n) y
 You resume your meal.
 The hill orc picks up an iron skull cap.
 You stop eating the gnome corpse.
 You miss the hill orc.
 The hill orc hits!
 You lash the hill orc.
 You lash the hill orc.
 The hill orc hits!
 You miss the hill orc.
 The hill orc hits!
 You kill the hill orc!
 There is a partly eaten gnome corpse here; eat it? [ynq] (n) y
 You resume your meal.
 You finish eating the gnome corpse.
 $ - 17 gold pieces.
 You kill the goblin!
 F - a tin.
 G - an aluminum wand.
 You climb up the stairs.
 Pick a monster, object or location.
 f        a cat or other feline (kitten)
 The kitten bites!
 The kitten bites!
 The kitten bites!
 You miss the kitten.
 The kitten bites!
 The kitten bites!
 You die...
 Do you want your possessions identified? [ynq] (y) q

Inventory:
 Coins    ('$')
  $ - 17 gold pieces
 Weapons  (')')
  u - 6 cursed +0 darts
  x - a +0 orcish dagger
  a - a +2 bullwhip (weapon in right hand)
 Armor    ('[')
  c - an uncursed +0 fedora (being worn)
  y - an uncursed +0 orcish helm
  D - an uncursed +0 pair of iron shoes
  h - an uncursed +0 leather jacket (being worn)
 Comestibles  ('%')
  E - an uncursed slime mold
  d - 3 uncursed food rations
  n - 2 uncursed lembas wafers
  F - a cursed rotten tin of giant ant meat
 Wands    ('/')
  G - a wand of undead turning (0:5)
 Tools    ('(')
  b - an uncursed sack containing 10 items
  k - a cursed skeleton key
  f - a tinning kit (0:55)
 Gems/Stones  ('*')
  g - an uncursed touchstone

Contents of the sack:
  54 gold pieces
  an uncursed scroll of remove curse
  a cursed spellbook of healing named Cursed
  an uncursed spellbook of levitation
  a blessed spellbook of haste self
  an uncursed potion of fruit juice
  3 uncursed potions of healing
  a blessed potion of gain level
  an uncursed potion of invisibility
  a +0 pick-axe

LDaviesPeters the Archeologist's attributes:

Background:
 You were a Field Worker, a level 4 female human Archeologist.
 You were neutral, nominally on a mission for Camaxtli
 who was opposed by Quetzalcoatl (lawful) and Huhetotl (chaotic).
 You were right-handed.
 You were in the Dungeons of Doom, on level 4.
 You entered the dungeon 1150 turns ago.
 You had 110 experience points, 50 more were needed to attain level 5.

Basics:
 You had 0 out of 35 hit points.
 You had all 18 energy points (spell power).
 Your armor class was 9.
 Your wallet contained 17 zorkmids, and
 you had 54 more stashed away in your pack.
 Autopickup was off.

Final Characteristics:
 Your strength was 13 (limit:18/100).
 Your dexterity was 9 (limit:18).
 Your constitution was 15 (limit:18).
 Your intelligence was 14 (limit:18).
 Your wisdom was 13 (limit:18).
 Your charisma was 11 (limit:18).

Final Status:
 You weren't hungry.
 You were unencumbered.
 You were wielding a whip.
 You had basic skill with whip.

Final Attributes:
 You were devoutly aligned.
 You had automatic searching.
 You were lucky.
 You are dead.

Miscellaneous:
 You didn't encounter any bones levels.
 Total elapsed playing time was 11 minutes and 49 seconds.

Major events:
 Turn
    1: LDaviesPeters the neutral female human Archeologist entered the dungeon
  452: entered the Gnomish Mines
  686: attained the rank of Field Worker (level 3)
 1150: killed by a kitten

You didn't know any spells.

Skills:
 Fighting Skills
   bare handed combat [Unskilled]
   two weapon combat  [Unskilled]
   riding             [Unskilled]
 Weapon Skills
   dagger             [Unskilled]
   knife              [Unskilled]
   pick-axe           [Basic]
   short sword        [Unskilled]
   saber              [Unskilled]
   club               [Unskilled]
   quarterstaff       [Unskilled]
   sling              [Unskilled]
   dart               [Unskilled]
   boomerang          [Unskilled]
   whip               [Basic]
   unicorn horn       [Unskilled]
 Spellcasting Skills
   attack spells      [Unskilled]
   healing spells     [Unskilled]
   divination spells  [Unskilled]
   matter spells      [Unskilled]

Voluntary challenges:
 Character rerolling was not enabled.
 You were an atheist.
 You never genocided any monsters.
 You never polymorphed an object.
 You never changed form.
 You used no wishes.
Achievements:
 You entered the Gnomish Mines.
 You entered a shop.
 You attained the rank of Field Worker.

 The Dungeons of Doom: levels 1 to 5
    Level 1:
       A sink.
    Level 2:
    Level 3:
       A general store.
       Stairs down to The Gnomish Mines.
    Level 4: <- You were here.
       An altar, some fountains.
       Final resting place for
          you, killed by a kitten.
    Level 5:
 The Gnomish Mines:
    Level 4:


Vanquished creatures:
  a shrieker
  a dwarf
  2 hill orcs
  a hobgoblin
  2 giant rats
  2 gnomes
  2 garter snakes
  a gnome zombie
  a jackal
  a kobold
  2 goblins
  4 grid bugs
  3 lichens
  a kobold zombie
  3 newts
27 creatures vanquished.

No species were genocided or became extinct.

Game over:
                       ----------
                      /          \
                     /    REST    \
                    /      IN      \
                   /     PEACE      \
                  /                  \
                  |  LDaviesPeters   |
                  |      71 Au       |
                  |   killed by a    |
                  |      kitten      |
                  |                  |
                  |                  |
                  |       2026       |
                 *|     *  *  *      | *
        _________)/\\_//(\/(/\)/\//\/|_)_______

Goodbye LDaviesPeters the Archeologist...

You died in The Dungeons of Doom on dungeon level 4 with 704 points,
and 71 pieces of gold, after 1150 moves.
You were level 4 with a maximum of 35 hit points when you died.

